 Dungeon Crawl Stone Soup version 0.24.0-1-gfbc8707122 (webtiles) character file.

Game seed: 8219173594385489031, levelgen mode: deterministic

81004 gohu the Severer (level 15, -6/138 HPs)
             Began as a Deep Dwarf Fighter on Oct 26, 2019.
             Was the Champion of Makhleb.
             Mangled by a shock serpent (14 damage)
             ... on level 3 of the Snake Pit.
             The game lasted 01:13:36 (15106 turns).

gohu the Severer (Deep Dwarf Fighter)              Turns: 15106, Time: 01:13:36

Health: -6/138     AC: 22    Str: 29    XL:     15   Next: 25%
Magic:  18/18      EV: 11    Int: 11    God:    Makhleb [******]
Gold:   65         SH:  0    Dex: 14    Spells: 14/14 levels left

rFire    . . .     SeeInvis +   Z - +5 battleaxe (vamp)
rCold    . . .     Gourm    .   (shield currently unavailable)
rNeg     + . .     Faith    .   h - +0 plate armour
rPois    +         Spirit   .   Y - +0 helmet {Int+3}
rElec    .         Reflect  .   r - +1 cloak
rCorr    .         Harm     +   o - +0 pair of gloves
MR       ++...                  e - +0 pair of boots
Stlth    ..........             S - amulet of harm
HPRegen  0.00/turn              W - ring of Jipud {Wiz rPois Str+4}
MPRegen  0.16/turn              v - ring of see invisible

@: lethally poisoned (-6 -> -6), non-regenerating
A: damage resistance, heal wounds, negative energy resistance 1, sense
surroundings 2, no regeneration
a: Heal Wounds, Minor Destruction, Lesser Servant of Makhleb, Major Destruction,
Greater Servant of Makhleb, Renounce Religion


You were on level 3 of the Snake Pit.
You worshipped Makhleb.
Makhleb was exalted by your worship.
You were near starving.

You visited 4 branches of the dungeon, and saw 19 of its levels.
You also visited: Sewer.

You collected 1701 gold pieces.
You spent 1636 gold pieces at shops.

Inventory:

Hand Weapons
 x - a +0 morningstar
 H - a +4 war axe of draining
 Z - a +5 vampiric battleaxe (weapon)
Armour
 e - a +0 pair of boots (worn)
 h - a +0 plate armour (worn)
 o - a +0 pair of gloves (worn)
 r - a +1 cloak (worn)
 J - a +2 shield
 Y - a +0 helmet of intelligence (worn)
Jewellery
 v - a ring of see invisible (right hand)
 B - the ring of Propriety {*Tele +Inv rF+ Int-2 SInv}
   (You found it on level 8 of the Dungeon)

   [ring of teleportation]

   It may teleport you next to monsters.
   It affects your intelligence (-2).
   It protects you from fire.
   It lets you see invisible.
   It lets you turn invisible.
 D - an uncursed ring of protection from cold {unknown}
 L - an uncursed ring of ice
 S - an amulet of harm (around neck)
 W - the ring of Jipud (left hand) {Wiz rPois Str+4}
   (You found it on level 6 of the Lair of Beasts)

   [ring of wizardry]

   It improves your spell success rate.
   It affects your strength (+4).
   It protects you from poison.
Wands
 a - a wand of acid (8)
 c - a wand of polymorph (12)
 j - a wand of paralysis (6)
 G - a wand of flame (24)
 M - a wand of digging (20)
 O - a wand of iceblast (4)
 P - a wand of disintegration (11)
Scrolls
 g - 12 scrolls of remove curse
 k - 3 scrolls of magic mapping
 m - 4 scrolls of immolation
 n - 3 scrolls of identify
 p - 2 scrolls of fog
 q - 4 scrolls of blinking
 s - a scroll of fear
 u - 12 scrolls of teleportation
 w - 3 scrolls of enchant armour
 C - 4 scrolls of random uselessness
 E - 4 scrolls of amnesia
 F - 3 scrolls of summoning
 R - a scroll of holy word
 X - a scroll of silence
Potions
 b - 5 potions of haste
 d - 3 potions of might
 l - a potion of magic
 t - 7 potions of flight
 z - a potion of mutation
 I - 2 potions of curing
 K - 2 potions of brilliance
 N - a potion of heal wounds
 Q - a potion of cancellation
 T - a potion of berserk rage
 U - a potion of lignification
 V - 2 potions of agility
Comestibles
 f - 37 rations


   Skills:
 - Level 9.9 Fighting
 + Level 17.5(17.6) Axes
 - Level 2.8(11.3) Maces & Flails
 - Level 0.1 Throwing
 - Level 11.2 Armour
 * Level 5.2 Dodging
 - Level 10.4 Shields
 - Level 12.1 Invocations
 - Level 11.4 Evocations


You had 14 spell levels left.
You didn't know any spells.
Your spell library contained the following spells:

 Spells                   Type           Power        Failure   Level  Hunger
 Corona                   Hex            #......      65%         1    ##.....
 Magic Dart               Conj           #...         65%         1    ##.....
 Sting                    Conj/Pois      #...         65%         1    ##.....
 Ensorcelled Hibernation  Hex/Ice        #.....       80%         2    ###....
 Poisonous Vapours        Pois/Air       #.....       80%         2    ###....
 Searing Ray              Conj           #.....       80%         2    ###....
 Confuse                  Hex            #.......     95%         3    ####...
 Dazzling Spray           Conj/Hex       #.....       95%         3    ####...
 Mephitic Cloud           Conj/Pois/Air  #.......     95%         3    ####...
 Tukima's Dance           Hex            #.......     95%         3    ####...
 Force Lance              Conj/Tloc      #.......     100%        4    #####..
 Fulminant Prism          Conj/Hex       #.........   100%        4    #####..
 Iskenderun's Mystic Bla  Conj           #.......     100%        4    #####..
 Olgreb's Toxic Radiance  Pois           #.......     100%        4    #####..
 Venom Bolt               Conj/Pois      #.........   100%        5    ######.


Dungeon Overview and Level Annotations

Branches:
Dungeon (9/15)             Temple (1/1) D:7            Lair (6/6) D:8
 Shoals (0/4) Lair:3        Snake (3/4) Lair:3        Slime (0/5) Lair:6
  Sewer (visited)
    Orc: D:9-12

Altars:
Ashenzari
Cheibriados
Dithmenos
Elyvilon
Fedhas
Gozag
Hepliaklqana
Kikubaaqudgha
Makhleb
Nemelex Xobeh
Okawaru
Qazlal
Ru
Sif Muna
Trog
Uskayaw
Vehumet
Wu Jian
Xom
Yredelemnul
Zin
The Shining One

Shops:
D:7 *?**   D:8 *   Snake:1 (:?(

Annotations:
D:6 2 transporters, IjonTichy1's ghost, novice DECj
D:9 exclusions: 2 electric eels and 3 more exclusions
Lair:4 exclusion: oklob plant


Innate Abilities, Weirdness & Mutations

You are resistant to damage.
You can heal yourself by infusing magical energy.
You resist negative energy. (rN+)
You passively map the area around you.
You do not regenerate.


Message History

You miss the shock serpent.
The shock serpent is almost dead.
You are near starving!
The shock serpent bites you but does no damage.
You miss the shock serpent.
The shock serpent is almost dead.
The shock serpent barely misses you. The naga warrior spits poison at you.
The splash of poison hits you but does no damage.
You resist.
Your plate armour prevents you from hitting the shock serpent.
The shock serpent is almost dead.
The shock serpent bites you.
* * * LOW HITPOINT WARNING * * *
The shock serpent shocks you!
* * * LOW HITPOINT WARNING * * *
You miss the shock serpent.
The shock serpent is almost dead.
The shock serpent bites you. The shock serpent shocks you!
You die...

≈ ** , ,
*,............. *
≈≈ * ......^......
≈≈ ≈
*#...........#* , ≈
≈
≈≈♣###..........##
* , ≈ ≈
≈≈♣...#.......... ,
≈ ≈
≈P.............# ,,
, , ≈
≈≈........S....# ,*
≈ ≈≈......)@)....#*
≈
≈≈≈.....)).....##*
, ≈≈......†.....# *
, ≈≈............# *
, ,
,,,..............#
,*, , ,
...........N..# , ,
, ,
*...............#*,
, , ,
,..#........#...#
,, * ,
,*###.......##...#*
*


You could see a naga warrior and a shock serpent.

Vanquished Creatures
  Kirke (Lair:5)
  A nagaraja (Snake:3)
  A dire elephant (Lair:6)
  4 hydras
  5 naga warriors
  9 anacondas
  6 death yaks (Lair:6)
  2 shock serpents (Snake:2)
  9 naga sharpshooters
  A fire crab (Lair:6)
  3 sea snakes (Snake:3)
  3 naga ritualists
  A lindwurm (Lair:6)
  7 mana vipers
  8 elephants (Lair:6)
  5 salamanders
  2 torpor snails (Lair:6)
  6 naga magi
  28 black mambas
  A guardian serpent (Snake:3)
  13 spiny frogs
  5 rime drakes
  2 komodo dragons
  10 polar bears (Lair:6)
  11 blink frogs
  5 hippogriffs
  2 slime creatures (Lair:6)
  Prince Ribbit (Lair:1)
  A snapping turtle (Lair:3)
  8 dream sheep (Lair:6)
  3 raiju (Lair:6)
  A wraith (D:7)
  9 yaks
  5 hogs (Lair:5)
  2 basilisks
  Grum (Lair:1)
  4 wargs (Lair:6)
  14 hell hounds (Lair:6)
  10 water moccasins
  29 nagas
  9 porcupines
  2 orc warriors
  11 black bears (Lair:6)
  An eye of draining (D:8)
  4 phantoms
  A sky beast (D:5)
  22 wolves
  5 ogres
  A necrophage (D:7)
  A centaur (D:8)
  12 crocodiles
  11 bullfrogs
  An elf zombie (D:7)
  5 scorpions
  9 killer bees (D:7)
  4 wights (D:7)
  2 howler monkeys (D:6)
  An electric eel (Lair:3)
  2 crimson imps
  A centaur zombie (D:5)
  7 hounds
  A jelly (Lair:6)
  4 human zombies (D:7)
  Crazy Yiuf (D:3)
  2 orc priests
  2 iguanas
  4 orc wizards
  9 worker ants
  3 hell rats
  A killer bee zombie (D:5)
  A mummy (D:7)
  3 hound skeletons
  4 gnolls
  12 adders
  9 river rats (Lair:3)
  A shadow imp (D:6)
  2 adder skeletons
  2 adder zombies
  4 worms
  3 dart slugs (D:1)
  7 leopard geckos
  20 orcs
  7 giant cockroaches
  7 goblins
  6 hobgoblins
  16 jackals
  8 quokkas
  4 ball pythons
  7 bats
  6 frilled lizards
  A jackal skeleton (D:4)
  A jackal zombie (D:8)
  7 kobolds
  9 rats
  3 fungi
  A plant (Lair:6)
529 creatures vanquished.

Vanquished Creatures (collateral kills)
  A hydra (Lair:6)
  2 death yaks (Lair:6)
  A spiny frog (Lair:6)
  2 blink frogs (Lair:6)
  A dream sheep (Lair:6)
7 creatures vanquished.

Vanquished Creatures (others)
  10 fungi
  26 plants
  4 toadstools (D:1)
40 creatures vanquished.

Grand Total: 576 creatures vanquished

Notes
Turn   | Place    | Note
-------+----------+-------------------------------------------
     0 | D:1      | gohu the Deep Dwarf Fighter began the quest for the Orb.
     0 | D:1      | Reached XP level 1. HP: 20/20 MP: 1/1
   244 | D:1      | Reached XP level 2. HP: 24/27 MP: 2/2
   585 | D:1      | Reached skill level 3 in Axes
   585 | D:1      | Reached XP level 3. HP: 30/34 MP: 3/3
   713 | D:2      | Found a shimmering altar of Xom.
   754 | D:2      | Found a shimmering altar of Xom.
   830 | D:2      | Reached XP level 4. HP: 40/42 MP: 4/4
   847 | D:2      | Found a hide-covered altar of Uskayaw.
   942 | D:2      | Found a blossoming altar of Fedhas.
  1083 | D:2      | Found a shimmering altar of Xom.
  1085 | D:2      | Found a shimmering altar of Xom.
  1087 | D:2      | Found a shimmering altar of Xom.
  1467 | D:3      | Found a runed translucent door.
  1468 | D:3      | Noticed Crazy Yiuf
  1503 | D:3      | Reached skill level 4 in Axes
  1640 | D:3      | Found an ornate altar of the Wu Jian Council.
  1685 | D:3      | Found a glowing drain.
  1699 | D:3      | Reached XP level 5. HP: 23/49 MP: 5/5
  1710 | Sewer    | Entered a sewer
  2160 | D:3      | Found a glowing golden altar of the Shining One.
  2449 | D:3      | Killed Crazy Yiuf
  2578 | D:4      | Noticed a phantom
  2615 | D:4      | Killed a phantom
  2615 | D:4      | Reached skill level 5 in Axes
  2615 | D:4      | Reached XP level 6. HP: 13/56 MP: 6/6
  2875 | D:4      | Found an opulent altar of Gozag.
  2889 | D:4      | Reached skill level 6 in Axes
  3174 | D:4      | Reached skill level 7 in Axes
  3174 | D:4      | Reached XP level 7. HP: 21/62 MP: 6/6
  3489 | D:5      | Entered Level 5 of the Dungeon
  3528 | D:5      | Reached skill level 8 in Axes
  3679 | D:5      | Reached skill level 5 in Armour
  3853 | D:5      | Reached XP level 8. HP: 65/72 MP: 7/7
  3888 | D:5      | Reached skill level 9 in Axes
  4215 | D:6      | Found a transporter.
  4216 | D:6      | Found a transporter.
  4264 | D:6      | Noticed IjonTichy1's ghost (novice DECj)
  4271 | D:6      | Identified the +3 scale mail of the Harvest {rElec}
  4293 | D:6      | Found an iron altar of Okawaru.
  4496 | D:6      | Found a shattered altar of Ashenzari.
  4880 | D:7      | Reached skill level 10 in Axes
  5122 | D:7      | Found Azis's Assorted Antiques.
  5130 | D:7      | Bought a brown potion for 21 gold pieces
  5130 | D:7      | Bought a scroll labeled IVAFIQ XIGE for 24 gold pieces
  5130 | D:7      | Bought a scroll labeled IVAFIQ XIGE for 24 gold pieces
  5130 | D:7      | Bought a scroll labeled UNTEKAKKARY for 24 gold pieces
  5130 | D:7      | Bought a scroll labeled KUBLUDUOLI for 24 gold pieces
  5130 | D:7      | Bought a scroll labeled NIPIYDANWY for 24 gold pieces
  5153 | D:7      | Found Qesymymi's General Store.
  5157 | D:7      | Bought a potion of haste for 130 gold pieces
  5157 | D:7      | Bought a scroll of immolation for 45 gold pieces
  5214 | D:7      | You fall into a shaft and drop 1 floor!
  5214 | D:8      | Found a stormy altar of Qazlal.
  5228 | D:8      | Gained mutation: You passively map the area around you.
                  | [Deep Dwarf growth]
  5228 | D:8      | Reached XP level 9. HP: 62/79 MP: 7/7
  5328 | D:7      | Found a staircase to the Ecumenical Temple.
  5337 | Temple   | Entered the Ecumenical Temple
  5399 | Temple   | Became a worshipper of Makhleb the Destroyer
  5419 | D:7      | Found an ancient bone altar of Kikubaaqudgha.
  5443 | D:7      | Found Coiloulu's Magic Scroll Shoppe.
  5449 | D:7      | Found Qauwni's General Store.
  5454 | D:7      | Reached skill level 11 in Axes
  5470 | D:7      | Bought a scroll of random uselessness for 16 gold pieces
  5470 | D:7      | Bought a scroll of enchant weapon for 120 gold pieces
  5470 | D:7      | Bought a scroll of teleportation for 48 gold pieces
  5470 | D:7      | Bought a scroll of identify for 32 gold pieces
  5470 | D:7      | Bought a scroll of summoning for 152 gold pieces
  5724 | D:7      | Found a basalt altar of Yredelemnul.
  5997 | D:8      | Reached skill level 5 in Fighting
  5997 | D:8      | Reached skill level 12 in Axes
  6029 | D:8      | Got a sparkling marble ring
  6049 | D:8      | Found a staircase to the Lair.
  6088 | D:8      | Reached * piety under Makhleb
  6144 | D:8      | Found Zin's Purification Station.
  6147 | D:8      | Found a glowing silver altar of Zin.
  6555 | D:9      | Found a shattered altar of Ashenzari.
  6602 | D:9      | Reached skill level 13 in Axes
  6602 | D:9      | Reached XP level 10. HP: 43/88 MP: 7/7
  6751 | D:9      | Found a sparkling altar of Nemelex Xobeh.
  6788 | D:9      | Reached skill level 1 in Invocations
  6788 | D:9      | Reached skill level 1 in Evocations
  6893 | D:9      | Found a sacrificial altar of Ru.
  7103 | Lair:1   | Entered Level 1 of the Lair of Beasts
  7209 | Lair:1   | Noticed Grum
  7221 | Lair:1   | Killed Grum
  7252 | Lair:1   | Noticed a black mamba
  7260 | Lair:1   | Killed a black mamba
  7420 | Lair:1   | Noticed Prince Ribbit
  7454 | Lair:1   | Killed Prince Ribbit
  7612 | Lair:1   | Noticed a spiny frog
  7620 | Lair:1   | Killed a spiny frog
  7831 | Lair:1   | Identified the ring of Propriety {*Tele +Inv rF+ Int-2
                  | SInv} (You found it on level 8 of the Dungeon)
  8016 | Lair:2   | Noticed a spiny frog
  8023 | Lair:2   | Killed a spiny frog
  8023 | Lair:2   | Reached ** piety under Makhleb
  8181 | Lair:2   | Reached skill level 14 in Axes
  8646 | Lair:3   | Noticed a spiny frog
  8662 | Lair:3   | Killed a spiny frog
  8662 | Lair:3   | Reached XP level 11. HP: 71/97 MP: 10/10
  8712 | Lair:3   | Found a staircase to the Snake Pit.
  8730 | Lair:3   | Noticed a six-headed hydra
  8772 | Lair:3   | Killed a six-headed hydra
  8772 | Lair:3   | Reached skill level 5 in Shields
  8772 | Lair:3   | Reached skill level 5 in Invocations
  8772 | Lair:3   | Reached skill level 5 in Evocations
  8834 | Lair:3   | Reached skill level 1 in Maces & Flails
  9119 | Lair:3   | Found a staircase to the Shoals.
  9953 | Lair:4   | Reached *** piety under Makhleb
  9974 | Lair:4   | Noticed an eight-headed hydra
  9984 | Lair:4   | Killed a nine-headed hydra
 10182 | Lair:4   | Noticed an oklob plant
 10334 | Lair:4   | Noticed a seven-headed hydra
 10344 | Lair:4   | Killed a seven-headed hydra
 10344 | Lair:4   | Reached XP level 12. HP: 86/109 MP: 13/13
 10797 | Lair:5   | Noticed Kirke
 11268 | Lair:5   | Noticed a sphinx
 11289 | Lair:5   | Killed Kirke
 11289 | Lair:5   | Reached skill level 15 in Axes
 11414 | Lair:6   | Entered Level 6 of the Lair of Beasts
 11488 | Lair:6   | Noticed a four-headed hydra
 11862 | Lair:6   | Noticed a death yak
 11862 | Lair:6   | Noticed a death yak
 11875 | Lair:6   | Killed a death yak
 11880 | Lair:6   | Killed a death yak
 11891 | Lair:6   | Reached XP level 13. HP: 117/117 MP: 14/14
 11944 | Lair:6   | Noticed a dire elephant
 11963 | Lair:6   | Killed a dire elephant
 12062 | Lair:6   | Reached **** piety under Makhleb
 12094 | Lair:6   | Reached skill level 10 in Evocations
 12153 | Lair:6   | Found a staircase to the Slime Pits.
 12199 | Lair:6   | Reached skill level 10 in Invocations
 12208 | Lair:6   | Reached skill level 10 in Armour
 12332 | Lair:6   | Reached ***** piety under Makhleb
 12845 | Lair:6   | Got a glittering amber ring
 12878 | Lair:6   | Identified the ring of Jipud {Wiz rPois Str+4} (You found
                  | it on level 6 of the Lair of Beasts)
 12941 | Snake:1  | Entered Level 1 of the Snake Pit
 12967 | Snake:1  | Gained mutation: You resist negative energy. (rN+) [Deep
                  | Dwarf growth]
 12967 | Snake:1  | Reached XP level 14. HP: 126/129 MP: 17/17
 13101 | Snake:1  | Reached skill level 10 in Shields
 13213 | Snake:1  | Found Xuhok's Antique Weapon Boutique.
 13342 | Snake:1  | Found Leopasy's Weapon Shop.
 13370 | Snake:1  | Found Saseoq's Magic Scroll Shoppe.
 13378 | Snake:1  | Bought a scroll of acquirement for 832 gold pieces
 13396 | Snake:1  | Found Ufuilitz's Book Emporium.
 13798 | Snake:2  | Reached skill level 1 in Dodging
 13859 | Snake:2  | Reached skill level 16 in Axes
 14144 | Snake:2  | Reached ****** piety under Makhleb
 14771 | Snake:1  | Bought a scroll of enchant weapon for 120 gold pieces
 14882 | Snake:3  | Reached XP level 15. HP: 110/138 MP: 19/19
 15007 | Snake:3  | Reached skill level 17 in Axes
 15040 | Snake:3  | Noticed a nagaraja
 15054 | Snake:3  | Killed a nagaraja
 15060 | Snake:3  | Reached skill level 5 in Dodging
 15089 | Snake:3  | HP: 5/138 [sea snake (13)]
 15106 | Snake:3  | Mangled by a shock serpent

Levels and vault maps discovered:
D:1:      ldierk_walled_garden_2, layout_basic
D:2:      layout_basic, fedhas_altar_3, lemuel_doored_altar,
          lemuel_crystal_altar, first_ration, xom_redecorated
D:3:      layout_rooms, tso_altar, lemuel_crystal_altar,
          cheibrodos_sewer_entry_bend, uniq_crazy_yiuf_cottage
D:4:      minmay_polygon_palace, layout_basic, marbit_many_paths
D:5:      layout_loops_ring
D:6:      layout_rooms, nicolae_ashenzari_panopticon,
          gammafunk_ghost_gnarly_gnolls, okawaru_trees_2
D:7:      layout_basic, overflow_temple_1_default,
          lemuel_mausoleum_altar_yredelemnul, minmay_temple_entry_slanted,
          serial_shops, shop, shop, shop, nicolae_shop_crystal
D:8:      layout_rooms, nicolae_qazlal_general_emergency, zin_purify,
          dpeg_oklobed_lair
D:9:      layout_loops_ring, nemelex_xobeh_ov_fountains_minmay,
          lemuel_coloured_pillars_altar, erik_orc_2, basic_altar
Temple:   compressed_dpeg_triangle_lava_temple
Lair:1:   layout_regular_city, uniq_prince_ribbit2, uniq_grum
Lair:2:   layout_regular_city, lemuel_fruit_tree, infiniplex_staircase_pool_2
Lair:3:   layout_layer_cave, minmay_shoals_entry_hut,
          minmay_snake_entry_guardpost_medium, hangedman_lair_unloving_vines,
          kennysheep_abandoned_house
Lair:4:   layout_concentric_octagons, minmay_lair_oklob_chamber,
          grunt_megastairs_1
Lair:5:   layout_regular_city, uniq_kirke
Lair:6:   hangedman_lair_caniforms_friends, layout_concentric_octagons,
          hangedman_lair_in_review, minmay_slime_entry_pillars
Snake:1:  layout_grid_shapes, serial_shops, nicolae_shop_crystal, shop, shop,
          shop_statue
Snake:2:  layout_gridlike, grunt_megastairs_4
Snake:3:  layout_cave_pods, serial_shops, nicolae_shop_behind_doors,
          st_stairs_4, serial_bayou_shore_a

Skill      XL: |  1  2  3  4  5  6  7  8  9 10 11 12 13 14 15 |
---------------+----------------------------------------------+-----
Fighting       | 3 4 5 6 7 9 |  9.9
Axes           | 3 4 5 7 8 10 13 14 15 16 17 | 17.5
Armour         | 4 5 6 7 8 9 10 11 | 11.2
Invocations    | 4 7 9 11 12 | 12.1
Evocations     | 4 7 9 10 11 | 11.4
Shields        | 4 6 7 9 10 | 10.4
Maces & Flails | 2 |  2.8
Dodging        | 4 5 |  5.2
Throwing       | |  0.1

Action                   |  1- 3 |  4- 6 |  7- 9 | 10-12 | 13-15 || total
-------------------------+-------+-------+-------+-------+-------++-------
Melee: War axe           |    90 |   299 |   513 |   530 |   457 ||  1889
       Morningstar       |       |       |       |    21 |     9 ||    30
       Battleaxe         |       |       |       |       |   311 ||   311
Throw: Stone             |    12 |    29 |    10 |       |       ||    51
Invok: Minor Destruction |       |       |       |     2 |       ||     2
       Lesser Servant of |       |       |       |     3 |     1 ||     4
       Major Destruction |       |       |       |       |     1 ||     1
 Abil: Heal Wounds       |     2 |     4 |     6 |     5 |     5 ||    22
Evoke: Wand              |       |       |     3 |     9 |     2 ||    14
  Use: Potion            |       |     1 |     7 |     2 |     1 ||    11
       Scroll            |       |       |    10 |     3 |     9 ||    22
 Stab: Paralysed         |       |       |     3 |     8 |       ||    11
       Distracted        |       |       |       |       |     1 ||     1
  Eat: Chunk             |       |     8 |    12 |    11 |    10 ||    41
       Ration            |       |       |       |     2 |       ||     2
Armor: Scale mail        |    26 |       |       |       |       ||    26
       Plate armour      |       |   204 |   250 |   265 |   420 ||  1139
Dodge: Dodged            |    27 |    47 |    72 |    96 |   202 ||   444
Block: Shield            |    37 |   157 |   216 |   289 |   292 ||   991
